[Event "Titled Tuesday Blitz April 4 Late 2023"]
[White "Poliakova, Varvara"]
[Black "Celestino, Rafael Teixeira"]
[WhiteFideId "13518313"]
[BlackFideId "2108925"]
[WhiteElo "2075"]
[BlackElo "2415"]
[Result "1-0"]
[Round "04"]
[TimeControl "180+2"]
[Date "2023.04.04"]
[WhiteClock "0:00:54"]
[BlackClock "0:00:06"]

1. e4 e5 2. Nf3 Nc6 3. Bc4 Bc5 4. d3 d6 5. c3 Nf6 6. Bb3 Bg4 7. Nbd2 Qd7 8. h3 Be6 9. Nf1 d5 10. Qe2 a5 11. Ng3 dxe4 12. dxe4 a4 13. Bc2 Na5 14. Nxe5 Qe7 15. Bf4 O-O 16. O-O Bd6 17. Nd3 Bc4 18. Bxd6 cxd6 19. Qe3 b5 20. Rfe1 Rac8 21. Nf5 Qd7 22. Qg5 Ne8 23. Ne7+ Kh8 24. Nxc8 Qxc8 25. Rad1 h6 26. Qg4 Qc6 27. Nb4 Qc5 28. Nd5 Nc6 29. Re3 Ne5 30. Qh5 Bxd5 31. Rxd5 Qc7 32. Rd1 Nf6 33. Qe2 Ng6 34. g3 Re8 35. f4 Qc5 36. Kg2 Kg8 37. Qf3 b4 38. Rd4 bxc3 39. bxc3 a3 40. Re2 Rb8 41. Rdd2 Rb2 42. e5 dxe5 43. Bxg6 Rxd2 44. Bxf7+ Kxf7 45. Rxd2 e4 46. Qe2 Qxc3 47. Rc2 Qd4 48. Qc4+ Qxc4 49. Rxc4 Ke7 50. Kf2 Kd6 51. Rd4+ Kc5 52. Rd8 Kc4 53. Ra8 Kb4 54. Ke3 Nd5+ 55. Kd4 Nc3 56. Rb8+ Nb5+ 57. Kxe4 Kc4 58. Rxb5 Kxb5 59. Kd5 Kb4 60. Kd4 Kb5 61. Kc3 Ka4 62. Kc4 g6 63. g4 h5 64. f5 gxf5 65. gxf5 h4 66. f6 Ka5 67. f7 Kb6 68. f8=Q Kc6 69. Qxa3 Kd7 70. Qd3+ Ke6 71. Qd5+ Kf6 72. a4 Kg6 73. a5 Kf6 74. a6 Ke7 75. Qc6 Kd8 76. Qb7 1-0


[Site "https://www.chess.com"]

[Event "Titled Tuesday Blitz April 4 Late 2023"]
[White "KorolDimitriy75"]
[Black "Munoz, Francisco Javier"]
[BlackFideId "128368"]
[WhiteElo "2413"]
[BlackElo "2383"]
[Result "0-1"]
[Round "04"]
[TimeControl "180+2"]
[Date "2023.04.04"]
[WhiteClock "0:00:51"]
[BlackClock "0:02:34"]

1. d4 d5 2. c4 e6 3. Nc3 Nf6 4. Bg5 Nbd7 5. cxd5 exd5 6. e3 c6 7. Bd3 h6 8. Bh4 Be7 9. Qc2 Nh5 10. Bxe7 Qxe7 11. Nge2 Nb6 12. O-O Nf6 13. Rae1 O-O 14. Ng3 Be6 15. f3 c5 16. Qf2 Rac8 17. Nf5 Bxf5 18. Bxf5 Rcd8 19. dxc5 Qxc5 20. Rd1 d4 0-1


[Site "https://www.chess.com"]

[Event "Titled Tuesday Blitz April 4 Late 2023"]
[White "Gerbelli Neto, Eduardo"]
[Black "Janaszak, Dawid"]
[WhiteFideId "2103281"]
[BlackFideId "1119206"]
[WhiteElo "2178"]
[BlackElo "2220"]
[Result "1-0"]
[Round "04"]
[TimeControl "180+2"]
[Date "2023.04.04"]
[WhiteClock "0:01:38"]
[BlackClock "0:01:03"]

1. e4 c5 2. Nc3 Nc6 3. f4 g6 4. Nf3 Bg7 5. Bc4 e6 6. f5 Nge7 7. fxe6 fxe6 8. d3 O-O 9. O-O h6 10. Bb3 Na5 11. Qe1 Nxb3 12. axb3 g5 13. Qg3 b6 14. h4 Ng6 15. hxg5 h5 16. Bd2 Bb7 17. Nh4 Be5 18. Qh3 Kg7 19. Rxf8 Qxf8 20. Rf1 Qd6 21. Nxg6 Kxg6 22. Qf3 Qe7 23. Ne2 d5 24. Nf4+ Bxf4 25. Qxf4 dxe4 26. dxe4 Rd8 27. Bc3 b5 28. Bf6 Qd7 29. Bxd8 Qxd8 30. Qf7+ Kxg5 31. Qg7+ Kh4 32. Rf4# 1-0


[Site "https://www.chess.com"]

[Event "Titled Tuesday Blitz April 4 Late 2023"]
[White "Fiorito, Francisco"]
[Black "Senft, Sean"]
[WhiteFideId "180165"]
[BlackFideId "2044960"]
[WhiteElo "2341"]
[BlackElo "1989"]
[Result "1-0"]
[Round "04"]
[TimeControl "180+2"]
[Date "2023.04.04"]
[WhiteClock "0:00:34"]
[BlackClock "0:00:12"]

1. d4 d5 2. Bf4 Nf6 3. e3 e6 4. Nf3 Bd6 5. Bg3 O-O 6. c3 b6 7. Bd3 Bb7 8. Nbd2 Ne4 9. Qc2 f5 10. Bxe4 fxe4 11. Ne5 Bxe5 12. Bxe5 Nd7 13. Bg3 Ba6 14. c4 c5 15. dxc5 Nxc5 16. O-O Rc8 17. Rad1 Nd3 18. b3 h5 19. h4 b5 20. Qc3 bxc4 21. bxc4 Bxc4 22. Nxc4 Rxc4 23. Qa3 Rc2 24. Qxa7 Qf6 25. Qa4 Qb2 26. Rb1 Qxa2 27. Qd7 Rcxf2 28. Qxe6+ Kh8 29. Bxf2 Rxf2 30. Rb8+ Kh7 31. Qg8+ Kg6 32. Rb6+ Kf5 33. Qf7+ Kg4 34. Rxf2 Nxf2 35. Rg6+ Kxh4 36. Qxf2+ 1-0


[Site "https://www.chess.com"]

[Event "Titled Tuesday Blitz April 4 Late 2023"]
[White "Skaric, Djuro"]
[Black "Ambartsumova, Karina"]
[WhiteFideId "934569"]
[BlackFideId "4166299"]
[WhiteElo "2282"]
[BlackElo "2240"]
[Result "0-1"]
[Round "04"]
[TimeControl "180+2"]
[Date "2023.04.04"]
[WhiteClock "0:00:35"]
[BlackClock "0:00:54"]

1. g3 Nf6 2. Bg2 g6 3. d3 Bg7 4. Nf3 O-O 5. O-O d5 6. Nc3 c5 7. e4 Nc6 8. h3 e5 9. Nd2 d4 10. Ne2 Nh5 11. f4 f5 12. exf5 gxf5 13. Nf3 e4 14. dxe4 fxe4 15. Ng5 e3 16. Qd3 Nf6 17. c3 h6 18. Ne4 Bf5 19. Nxf6+ Qxf6 20. Qc4+ Be6 21. Qxc5 d3 22. Qxe3 dxe2 23. Qxe2 Rae8 24. Qb5 Qf7 25. Qc5 Bc4 26. Rd1 Rc8 27. Be3 b6 28. Qa3 Rfe8 29. Bf2 Bf8 30. Qa4 b5 31. Qc2 Re2 32. Rd2 Rce8 33. b3 Rxd2 34. Qxd2 Re2 35. bxc4 Rxd2 36. Bxc6 Qxc4 37. Bf3 Bc5 38. Rf1 Qxf1+ 0-1


[Site "https://www.chess.com"]

[Event "Titled Tuesday Blitz April 4 Late 2023"]
[White "Qiao, Cindy"]
[Black "TimGrutter03"]
[WhiteFideId "2620243"]
[WhiteElo "1777"]
[BlackElo "2568"]
[Result "0-1"]
[Round "04"]
[TimeControl "180+2"]
[Date "2023.04.04"]
[WhiteClock "0:00:16"]
[BlackClock "0:00:10"]

1. d4 g6 2. Bf4 Bg7 3. Nc3 d6 4. e4 Nc6 5. Nf3 Bg4 6. Be3 e5 7. d5 Nd4 8. Be2 Bxf3 9. Bxf3 Ne7 10. Bg4 f5 11. exf5 Nexf5 12. Bxd4 Nxd4 13. O-O O-O 14. Ne2 Nf5 15. Ng3 Qh4 16. Bf3 Nd4 17. Bg4 Rf4 18. Bh3 Raf8 19. c3 Nf5 20. Qb3 b6 21. Qb5 Qe7 22. Qa6 Bh6 23. Rae1 Qf7 24. Nxf5 gxf5 25. g3 Qg7 26. Bg2 Rg4 27. h3 Rg6 28. Qd3 e4 29. Qd4 Qxd4 30. cxd4 e3 31. Kh2 exf2 32. Rxf2 Bg7 33. Re7 Bxd4 34. Rd2 Be5 35. Rd3 Rf7 36. Re8+ Rf8 37. Re7 Rg7 38. Re6 f4 39. gxf4 Rxf4 40. Kg1 Bd4+ 41. Kh1 Bxb2 42. Re2 Be5 43. Bf3 Rg3 44. Rf2 Rxh3+ 45. Kg2 Rh6 46. Kf1 Rhf6 47. Ke2 Kf8 48. Rg2 Ke7 49. Bg4 Rg6 50. Rdg3 Re4+ 51. Re3 Rexg4 52. Rf2 Rg2 53. Rxg2 Rxg2+ 54. Kd3 Rg3 0-1


[Site "https://www.chess.com"]

[Event "Titled Tuesday Blitz April 4 Late 2023"]
[White "Buchenau, Frank"]
[Black "Mirimanian, Hayk"]
[WhiteFideId "4604350"]
[BlackFideId "4700180"]
[WhiteElo "2157"]
[BlackElo "2280"]
[Result "0-1"]
[Round "04"]
[TimeControl "180+2"]
[Date "2023.04.04"]
[WhiteClock "0:00:06"]
[BlackClock "0:00:40"]

1. e4 c5 2. Nf3 d6 3. Bb5+ Bd7 4. Bxd7+ Qxd7 5. c4 Nc6 6. d4 cxd4 7. Nxd4 Nf6 8. Nc3 g6 9. f3 Bg7 10. Be3 O-O 11. O-O a6 12. b3 Nxd4 13. Bxd4 b5 14. Nd5 Nxd5 15. cxd5 Bh6 16. f4 Rac8 17. Qd2 Rc7 18. Bb2 Rfc8 19. Qd4 f6 20. Rf2 Qg4 21. Raf1 Rc2 22. g3 Bg7 23. Kg2 h5 24. h3 Qd7 25. f5 gxf5 26. exf5 Qxf5 27. a4 Bh6 28. axb5 axb5 29. Rxc2 Rxc2+ 30. Rf2 Rxf2+ 31. Qxf2 Qxd5+ 32. Qf3 Qd2+ 33. Qf2 e5 34. Qxd2 Bxd2 35. g4 hxg4 36. hxg4 Kf7 37. Kf3 Ke6 0-1


[Site "https://www.chess.com"]

[Event "Titled Tuesday Blitz April 4 Late 2023"]
[White "Jimenez Almeida, Luis David"]
[Black "Peatman, Carter"]
[WhiteFideId "22242244"]
[BlackFideId "2096480"]
[WhiteElo "2245"]
[BlackElo "2003"]
[Result "1-0"]
[Round "04"]
[TimeControl "180+2"]
[Date "2023.04.04"]
[WhiteClock "0:01:44"]
[BlackClock "0:00:12"]

1. e4 e5 2. Nf3 Nf6 3. d4 Nxe4 4. Bd3 Nc6 5. dxe5 Nc5 6. O-O Nxd3 7. cxd3 d6 8. d4 dxe5 9. d5 Nb4 10. Nc3 Bd6 11. Re1 Bg4 12. a3 Bxf3 13. Qa4+ Qd7 14. axb4 Qxa4 15. Rxa4 Bg4 16. f4 f6 17. b5 Bd7 18. fxe5 fxe5 19. Bf4 O-O 20. Bxe5 Rae8 21. Rae4 Bc5+ 22. Kh1 Bf5 23. R4e2 Bg4 24. Re4 Bd6 25. Bxd6 Rxe4 26. Nxe4 cxd6 27. h3 Bh5 28. Nxd6 Rd8 29. Nf5 Rxd5 30. Ne7+ 1-0


[Site "https://www.chess.com"]

[Event "Titled Tuesday Blitz April 4 Late 2023"]
[White "Omelja, Artem"]
[Black "Stachanczyk, Jacek"]
[WhiteFideId "14119846"]
[BlackFideId "1116657"]
[WhiteElo "2404"]
[BlackElo "2084"]
[Result "1-0"]
[Round "04"]
[TimeControl "180+2"]
[Date "2023.04.04"]
[WhiteClock "0:00:11"]
[BlackClock "0:00:12"]

1. Nh3 e5 2. f3 d5 3. Nf2 c5 4. g3 Nc6 5. Bg2 Nf6 6. O-O h5 7. h4 Be6 8. e4 dxe4 9. Nxe4 Nxe4 10. fxe4 Qd7 11. d3 O-O-O 12. Be3 f6 13. Nd2 Be7 14. Nf3 Rdg8 15. Qd2 Bg4 16. c3 g5 17. hxg5 fxg5 18. Nxg5 h4 19. Rf7 hxg3 20. Raf1 Rh2 21. Nf3 Bh3 22. Bxh3 Qxh3 23. Nxh2 gxh2+ 24. Kh1 Qh5 25. Qf2 Bd6 26. Qf5+ Qxf5 27. R7xf5 Kc7 28. Kxh2 Kb6 29. Rg1 Rh8+ 30. Kg2 Kb5 31. Rh1 Rg8+ 32. Rg5 Rf8 33. Rf1 Rh8 34. Rg6 Bc7 35. Rf7 Bb6 36. Rxb7 Na5 37. Rf7 c4 38. dxc4+ Kxc4 39. Bxb6 axb6 40. Rxb6 Kd3 41. Rd7+ Kxe4 42. Rb5 Nc6 43. Rd6 Ne7 44. Re6 Rf8 45. Rexe5+ 1-0


[Site "https://www.chess.com"]

[Event "Titled Tuesday Blitz April 4 Late 2023"]
[White "Li, Hui"]
[Black "Fiorito, Joaquin"]
[WhiteFideId "15400310"]
[BlackFideId "180173"]
[WhiteElo "1967"]
[BlackElo "2157"]
[Result "0-1"]
[Round "04"]
[TimeControl "180+2"]
[Date "2023.04.04"]
[WhiteClock "0:00:01"]
[BlackClock "0:00:19"]

1. e4 c6 2. d4 d5 3. Nd2 dxe4 4. Nxe4 Nf6 5. Nxf6+ exf6 6. c3 Bd6 7. Bd3 O-O 8. Qc2 Re8+ 9. Ne2 h5 10. O-O h4 11. Bf4 h3 12. g3 Na6 13. Rae1 Nc7 14. Bxd6 Qxd6 15. Nf4 Be6 16. Nxe6 Nxe6 17. Bf5 Qd5 18. Bxh3 Qxa2 19. Bxe6 Rxe6 20. Rxe6 Qxe6 21. Rd1 Re8 22. Qd3 Qe2 23. Rd2 Qxd3 24. Rxd3 Re2 25. b3 Kf8 26. d5 c5 27. c4 Ke7 28. Kf1 Rb2 29. h4 Kd6 30. Kg2 a6 31. h5 b5 32. Rf3 bxc4 33. bxc4 Rb4 34. h6 gxh6 35. Rxf6+ Ke5 36. Rxa6 Rxc4 37. Rxh6 Kxd5 38. Rf6 Rc2 39. Rxf7 c4 40. Rd7+ Kc6 41. Rd8 Kc7 42. Rd5 Kc6 43. Rd8 Kc7 44. Rd4 Kc6 45. g4 Kc5 46. Rd8 Re2 47. Rc8+ Kb4 48. Kg3 c3 49. f4 c2 50. Kh4 Kb3 51. Kg5 Re3 0-1


[Site "https://www.chess.com"]

[Event "Titled Tuesday Blitz April 4 Late 2023"]
[White "Jarocka, Liwia"]
[Black "koncheto"]
[WhiteFideId "21807558"]
[WhiteElo "2013"]
[BlackElo "2534"]
[Result "1/2-1/2"]
[Round "04"]
[TimeControl "180+2"]
[Date "2023.04.04"]
[WhiteClock "0:00:24"]
[BlackClock "0:00:07"]

1. e4 e5 2. Nf3 Nf6 3. Nc3 Nc6 4. Bb5 Bc5 5. d3 h6 6. O-O d6 7. Be3 Bb6 8. h3 O-O 9. d4 exd4 10. Nxd4 Bd7 11. Qd2 Re8 12. Nxc6 Bxe3 13. Qxe3 bxc6 14. Bd3 c5 15. Rad1 Bc6 16. Rfe1 a5 17. Qg3 Nh5 18. Qg4 Qg5 19. Qxg5 hxg5 20. g3 Nf6 21. Re3 Rab8 22. b3 a4 23. Rde1 g4 24. h4 Nd7 25. bxa4 Ne5 26. Kg2 Rb4 27. Bb5 Ra8 28. Bxc6 Nxc6 29. Nd5 Rbxa4 30. Nxc7 Rd8 31. a3 Nd4 32. Rc1 Rd7 33. Nd5 Rda7 34. c3 Nc6 35. Nb6 Rxa3 36. Nc4 Ra2 37. Nxd6 Ne5 38. Nf5 Rb7 39. Rf1 Rbb2 40. c4 Rc2 41. Rb3 Nxc4 42. Ne3 Nxe3+ 43. Rxe3 c4 44. e5 Kf8 45. Re4 c3 46. Rxg4 Re2 47. Rc4 c2 48. Rc1 Rxe5 49. R4xc2 Rxc2 50. Rxc2 g6 51. Rc3 Kg7 52. Re3 Ra5 53. Rf3 Ra4 54. Re3 Ra7 55. Rb3 Rc7 56. Kf3 Ra7 57. Rb4 Re7 58. g4 Rc7 59. Kg3 Rc3+ 60. f3 Rc1 61. Rb5 Rc3 62. h5 Rc6 63. hxg6 Kxg6 64. Rb7 Rc3 65. Rb5 Rc1 66. Re5 Rg1+ 67. Kf4 Rc1 68. Re4 Ra1 69. Rb4 Rf1 70. Rb6+ Kg7 71. Rb5 Ra1 72. g5 Ra4+ 73. Kg3 Rc4 74. f4 Ra4 75. Kg4 Rc4 76. Rf5 Ra4 77. Kh5 Ra1 78. Rc5 Rh1+ 79. Kg4 Rg1+ 80. Kf5 Ra1 81. Rb5 Rc1 82. Re5 Ra1 83. Kg4 Rg1+ 84. Kf5 Ra1 85. Re4 Ra5+ 86. Re5 Ra1 1/2-1/2


[Site "https://www.chess.com"]

[Event "Titled Tuesday Blitz April 4 Late 2023"]
[White "Escanor89"]
[Black "Polanco Nunez, Yoel Estarling"]
[BlackFideId "6401783"]
[WhiteElo "2527"]
[BlackElo "2132"]
[Result "1-0"]
[Round "04"]
[TimeControl "180+2"]
[Date "2023.04.04"]
[WhiteClock "0:00:24"]
[BlackClock "0:00:09"]

1. d4 d5 2. c4 e6 3. Nc3 Be7 4. cxd5 exd5 5. Bf4 c6 6. e3 Bf5 7. f3 Nf6 8. g4 Be6 9. Bd3 c5 10. Nge2 Nc6 11. h4 cxd4 12. exd4 Bd6 13. Qd2 Rc8 14. h5 h6 15. O-O-O Bxf4 16. Qxf4 Nh7 17. Bxh7 Rxh7 18. Kb1 Qg5 19. Qd6 Qe7 20. Qg3 Qc7 21. f4 Rd8 22. Rhe1 Kf8 23. Qf3 f5 24. g5 Rh8 25. g6 Ne7 26. Nc1 Qd7 27. Nd3 Bg8 28. Qe3 Nc6 29. Nc5 Qc7 30. Nb5 Qb6 31. Nd6 Bf7 32. Nxf7 Re8 33. Qxe8# 1-0


[Site "https://www.chess.com"]

[Event "Titled Tuesday Blitz April 4 Late 2023"]
[White "Ozalp, Burak"]
[Black "Kim, Sergey"]
[WhiteFideId "6314210"]
[BlackFideId "13700570"]
[WhiteElo "2106"]
[BlackElo "2523"]
[Result "0-1"]
[Round "04"]
[TimeControl "180+2"]
[Date "2023.04.04"]
[WhiteClock "0:00:09"]
[BlackClock "0:00:25"]

1. d4 Nf6 2. c4 g6 3. Nc3 Bg7 4. e4 d6 5. Be2 O-O 6. h4 e5 7. d5 a5 8. h5 Na6 9. Be3 Nc5 10. hxg6 fxg6 11. f3 Nh5 12. Qd2 Nf4 13. g3 Ng2+ 14. Kd1 Nxe3+ 15. Qxe3 a4 16. Kc2 c6 17. Nh3 h6 18. Nf2 cxd5 19. Nxd5 Ne6 20. Rxh6 Nd4+ 21. Kd2 Qa5+ 22. Kd1 Qd8 23. Rxg6 Be6 24. Qh6 Rf7 25. Kd2 Bxd5 26. exd5 Nf5 27. Qh3 Qa5+ 28. Kd3 Qc5 29. Ng4 e4+ 30. fxe4 Qd4+ 31. Kc2 Qxb2+ 32. Kd3 Qc3# 0-1


[Site "https://www.chess.com"]

[Event "Titled Tuesday Blitz April 4 Late 2023"]
[White "Rodriguez Santiago, Jaime"]
[Black "Francisco Guecamburu, Candela Be"]
[WhiteFideId "3100898"]
[BlackFideId "160911"]
[WhiteElo "2025"]
[BlackElo "2326"]
[Result "0-1"]
[Round "04"]
[TimeControl "180+2"]
[Date "2023.04.04"]
[WhiteClock "0:00:50"]
[BlackClock "0:01:08"]

1. c4 c5 2. Nc3 Nc6 3. g3 g6 4. Bg2 Bg7 5. e4 d6 6. Nge2 e6 7. d3 Nge7 8. O-O O-O 9. a3 Rb8 10. Rb1 a5 11. Be3 Nd4 12. b4 axb4 13. axb4 Nxe2+ 14. Nxe2 Qc7 15. bxc5 dxc5 16. Qd2 b6 17. Bh6 Nc6 18. Bxg7 Kxg7 19. f4 Rd8 20. g4 f5 21. exf5 exf5 22. Qb2+ Kg8 23. Bd5+ Rxd5 24. cxd5 Nb4 25. Qb3 Qd6 26. g5 Ba6 27. Rbd1 Re8 28. Nc3 Nxd3 29. Nb5 Qd7 30. d6+ Kf8 31. Nc7 Re2 32. Nxa6 Qc6 0-1


[Site "https://www.chess.com"]

[Event "Titled Tuesday Blitz April 4 Late 2023"]
[White "Novikova, Galina"]
[Black "Zeynalli, Rashad"]
[WhiteFideId "4157095"]
[BlackFideId "13403320"]
[WhiteElo "1953"]
[BlackElo "2125"]
[Result "0-1"]
[Round "04"]
[TimeControl "180+2"]
[Date "2023.04.04"]
[WhiteClock "0:00:29"]
[BlackClock "0:00:16"]

1. e4 c5 2. Nf3 d6 3. d4 cxd4 4. Nxd4 Nf6 5. Nc3 g6 6. Be3 Bg7 7. f3 O-O 8. Qd2 Nc6 9. g4 Be6 10. h4 d5 11. g5 Nh5 12. Nxc6 bxc6 13. exd5 cxd5 14. Bd4 Bxd4 15. Qxd4 Qb6 16. Qxb6 axb6 17. O-O-O Rfd8 18. a3 Nf4 19. Bb5 Rac8 20. Rd4 Nh5 21. Rhd1 Rc5 22. Ba4 Ng3 23. Bb3 Nf5 24. Rb4 Rd6 25. Na4 Rcc6 26. Kb1 d4 27. Bxe6 Rxe6 28. b3 Re2 29. Rc4 Rd6 30. Nb2 Kg7 31. Rc7 Nxh4 32. Nc4 Rde6 33. Rxd4 Nxf3 34. Rd5 Rg2 35. Rdd7 Nxg5 36. Rxe7 Rxe7 37. Rxe7 h5 38. Nxb6 h4 39. Re1 h3 40. Kb2 h2 41. Rh1 Nf3 42. a4 Rg1 43. Rxh2 Nxh2 44. a5 Nf3 45. a6 Rg5 46. a7 Ra5 47. a8=Q Rxa8 48. Nxa8 g5 49. Kc3 g4 50. Kd3 g3 51. Ke3 g2 52. Kxf3 g1=Q 53. Nb6 Qxb6 0-1


[Site "https://www.chess.com"]

[Event "Titled Tuesday Blitz April 4 Late 2023"]
[White "Gutkin, Ilya"]
[Black "Korkmaz, Necmettin"]
[WhiteFideId "16203470"]
[BlackFideId "6303285"]
[WhiteElo "2265"]
[BlackElo "2097"]
[Result "1/2-1/2"]
[Round "04"]
[TimeControl "180+2"]
[Date "2023.04.04"]
[WhiteClock "0:00:04"]
[BlackClock "0:00:24"]

1. Nf3 d5 2. g3 g6 3. Bg2 Bg7 4. c4 dxc4 5. Na3 Nc6 6. Nxc4 e5 7. O-O Nge7 8. Rb1 O-O 9. d3 Be6 10. b3 Nd5 11. Bb2 f6 12. e4 Ndb4 13. d4 exd4 14. Nxd4 Nxd4 15. Bxd4 Nxa2 16. Qd2 Bxc4 17. bxc4 c5 18. Be3 Qxd2 19. Bxd2 Nb4 20. Bxb4 cxb4 21. Rxb4 b6 22. e5 Rac8 23. Bd5+ Kh8 24. Ra1 Rc7 25. Rba4 a5 26. Rb1 fxe5 27. Rxb6 e4 28. Ra6 Bd4 29. Ra2 e3 30. fxe3 Bxe3+ 31. Kg2 Rc5 32. R6xa5 Rxa5 33. Rxa5 Rc8 34. Rb5 Rc7 35. Kf3 Bg1 36. h4 Kg7 37. g4 Kf6 38. g5+ Ke5 39. Rb7 Rxb7 40. Bxb7 Bc5 41. Bd5 Bf8 42. Kg4 h5+ 43. Kf3 Bb4 44. Be4 Be1 45. Bxg6 Bxh4 46. Bxh5 Bxg5 47. c5 1/2-1/2


[Site "https://www.chess.com"]

[Event "Titled Tuesday Blitz April 4 Late 2023"]
[White "Grycel, Kamil"]
[Black "K2JW"]
[WhiteFideId "1115499"]
[WhiteElo "2509"]
[BlackElo "2325"]
[Result "0-1"]
[Round "04"]
[TimeControl "180+2"]
[Date "2023.04.04"]
[WhiteClock "0:00:08"]
[BlackClock "0:00:40"]

1. d4 d5 2. Bf4 c5 3. c3 Nc6 4. e3 cxd4 5. exd4 Bf5 6. Nd2 e6 7. Ngf3 Bd6 8. Bg3 Nge7 9. Be2 Ng6 10. Qb3 Qd7 11. Bxd6 Qxd6 12. Qxb7 Rb8 13. Qa6 Rb6 14. Qa4 Nf4 15. Ne5 O-O 16. Nxc6 Rxc6 17. Bf1 Rb8 18. g3 Nd3+ 19. Bxd3 Bxd3 20. Nb3 Ra6 21. Qxa6 Bxa6 22. O-O-O Bc4 23. Nc5 Bxa2 24. Kd2 Rxb2+ 25. Ke3 e5 26. f4 exd4+ 27. cxd4 Qe7+ 28. Kd3 Qe2+ 0-1


[Site "https://www.chess.com"]

[Event "Titled Tuesday Blitz April 4 Late 2023"]
[White "Kirillov, Dmitry"]
[Black "Koc, Przemyslaw"]
[WhiteFideId "34180572"]
[BlackFideId "1109081"]
[WhiteElo "2111"]
[BlackElo "2161"]
[Result "1-0"]
[Round "04"]
[TimeControl "180+2"]
[Date "2023.04.04"]
[WhiteClock "0:00:22"]
[BlackClock "0:01:10"]

1. d4 d6 2. e4 e5 3. dxe5 dxe5 4. Qxd8+ Kxd8 5. Bc4 f6 6. Be3 Nd7 7. Nd2 Bc5 8. Bxc5 Nxc5 9. O-O-O Bd7 10. b4 Na4 11. Ne2 Ke7 12. Nb3 Nh6 13. Rxd7+ Kxd7 14. Bb5+ c6 15. Bxa4 b5 16. Nc5+ Ke7 17. Bb3 a5 18. c3 Ng4 19. h3 Nh6 20. Rd1 Ra7 21. f4 a4 22. Be6 Rd8 23. f5 Rxd1+ 24. Kxd1 Nf7 25. h4 Nd6 26. g4 g6 27. Ng3 Ra8 28. Ke2 Rd8 29. g5 h6 30. fxg6 fxg5 31. h5 Ne8 32. Nf5+ Kf6 33. Nxh6 Ng7 34. Bg4 Rh8 35. Nf7 Rxh5 36. Bxh5 Nxh5 37. Nd7+ Kxg6 38. Nfxe5+ Kg7 39. Nxc6 Nf4+ 40. Kf3 Nd3 41. Na7 Nc1 42. a3 Kf7 43. Nxb5 Ke6 44. Nc5+ Ke5 45. Nxa4 Nd3 46. Nc5 Nb2 47. Ke3 g4 48. Nd3+ Nxd3 49. Kxd3 Kf4 50. Nd4 Kg3 51. Ne2+ Kf2 52. e5 1-0


[Site "https://www.chess.com"]

[Event "Titled Tuesday Blitz April 4 Late 2023"]
[White "Smith, Garrett L"]
[Black "Przybylski, Wojciech"]
[WhiteFideId "2024829"]
[BlackFideId "1117599"]
[WhiteElo "2321"]
[BlackElo "2222"]
[Result "0-1"]
[Round "04"]
[TimeControl "180+2"]
[Date "2023.04.04"]
[WhiteClock "0:00:17"]
[BlackClock "0:00:05"]

1. e4 e5 2. Nf3 Nf6 3. Nxe5 d6 4. Nf3 Nxe4 5. Bd3 Nc5 6. Be2 d5 7. d4 Ne4 8. O-O Bd6 9. c4 c6 10. Nc3 Nxc3 11. bxc3 O-O 12. a4 Nd7 13. Qb3 Nf6 14. Bg5 Be7 15. h3 Ne4 16. Bxe7 Qxe7 17. cxd5 cxd5 18. Rfe1 Be6 19. Bd3 Qc7 20. Rac1 Rfd8 21. Qc2 f5 22. Ne5 Re8 23. c4 Rad8 24. Qa2 Qa5 25. cxd5 Bxd5 26. Bc4 Nf6 27. f3 Bxc4 28. Qxc4+ Qd5 29. Rcd1 Qxc4 30. Nxc4 Rxe1+ 31. Rxe1 Rxd4 32. Ne3 g6 33. a5 Ra4 34. Rb1 f4 35. Ng4 Nh5 36. Rxb7 Ra1+ 37. Kf2 Ng3 38. Nh2 Rxa5 39. Ng4 Ra2+ 40. Ke1 h5 41. Nf6+ Kf8 42. Nh7+ Ke8 43. Nf6+ Kd8 44. Rg7 Re2+ 45. Kd1 Rxg2 46. Rxa7 h4 47. Rd7+ Kc8 48. Rg7 Rh2 49. Rxg6 Rxh3 50. Ke1 Rh1+ 51. Kf2 Rh2+ 52. Kg1 Rh1+ 53. Kg2 h3+ 54. Kf2 Rh2+ 55. Ke1 Rg2 56. Rh6 h2 0-1


[Site "https://www.chess.com"]

[Event "Titled Tuesday Blitz April 4 Late 2023"]
[White "olga-belka"]
[Black "Pires, Marcos Vinicius Torsani"]
[BlackFideId "2118939"]
[WhiteElo "2296"]
[BlackElo "2273"]
[Result "0-1"]
[Round "04"]
[TimeControl "180+2"]
[Date "2023.04.04"]
[WhiteClock "0:00:08"]
[BlackClock "0:00:19"]

1. e4 c5 2. Nf3 g6 3. c3 Bg7 4. d4 cxd4 5. cxd4 d5 6. e5 Bg4 7. Be2 Nc6 8. Nc3 e6 9. Be3 Nge7 10. O-O O-O 11. h3 Bxf3 12. Bxf3 Nf5 13. Ne2 Qb6 14. Qd2 Rac8 15. Rfd1 Na5 16. b3 Nc6 17. g4 Nxe3 18. Qxe3 Nb4 19. Nc3 Rc7 20. Rac1 Rfc8 21. a3 Na6 22. b4 Nb8 23. Be2 Qc6 24. Na2 Qa4 25. Rxc7 Rxc7 26. Rc1 Rc2 27. Bd1 Rxc1 28. Qxc1 Qc6 29. Qd2 Qc4 30. Qb2 Nc6 31. b5 Nxd4 32. b6 a6 33. Nb4 Bxe5 34. Qd2 Qb5 35. f4 Bg7 36. Kg2 Qxb6 37. Qc1 Nc6 38. Nd3 Qd4 39. Be2 Qe4+ 40. Kf2 Bd4+ 41. Ke1 Qh1+ 42. Bf1 Qe4+ 43. Be2 Be3 44. Qb2 Nd4 0-1


[Site "https://www.chess.com"]

[Event "Titled Tuesday Blitz April 4 Late 2023"]
[White "Papayan, Oleg"]
[Black "lluiss"]
[WhiteFideId "4193911"]
[WhiteElo "2153"]
[BlackElo "2260"]
[Result "1-0"]
[Round "04"]
[TimeControl "180+2"]
[Date "2023.04.04"]
[WhiteClock "0:00:04"]
[BlackClock "0:00:01"]

1. e4 c5 2. d4 cxd4 3. Qxd4 Nc6 4. Qd3 g6 5. Nc3 Bg7 6. Nf3 Nf6 7. Be2 O-O 8. O-O d6 9. Nd5 Nd7 10. c3 Nde5 11. Nxe5 Nxe5 12. Qg3 e6 13. Ne3 Qc7 14. Rd1 Rd8 15. h4 Bd7 16. h5 Bc6 17. f3 Ba4 18. Rd4 Be8 19. Rd1 Ba4 20. Re1 Rac8 21. Bd2 Qb6 22. b3 Bb5 23. hxg6 hxg6 24. Qf2 Nd3 25. Bxd3 Bxd3 26. Rac1 Qa5 27. a4 Bxc3 28. Bxc3 Rxc3 29. Ng4 Rdc8 30. Rxc3 Qxc3 31. Qh4 Qd4+ 32. Kh2 Qh8 33. Kg3 Qxh4+ 34. Kxh4 Kg7 35. Re3 Bc2 36. Nf2 1-0


[Site "https://www.chess.com"]

[Event "Titled Tuesday Blitz April 4 Late 2023"]
[White "Shapiro, Viktor"]
[Black "Andreassen, Lars"]
[WhiteFideId "4175700"]
[BlackFideId "1504878"]
[WhiteElo "2152"]
[BlackElo "2119"]
[Result "0-1"]
[Round "04"]
[TimeControl "180+2"]
[Date "2023.04.04"]
[WhiteClock "0:01:29"]
[BlackClock "0:00:35"]

1. Nf3 d5 2. g3 g6 3. Bg2 Bg7 4. d3 Nf6 5. O-O O-O 6. Nbd2 c5 7. c4 d4 8. a3 a5 9. Rb1 Nc6 10. Ng5 Bd7 11. Nde4 Nxe4 12. Nxe4 b6 13. Bd2 f5 14. Ng5 Qc7 15. b4 axb4 16. axb4 cxb4 17. Bd5+ Kh8 18. Bxb4 h6 19. Ne6 Bxe6 20. Bxe6 Nxb4 21. Rxb4 Qd6 22. Qb3 Qxe6 23. Rxb6 Qf7 24. Rb1 f4 25. g4 f3 26. Qc2 Be5 27. exf3 Qf4 28. Rxg6 Qxh2+ 29. Kf1 Qh1+ 30. Ke2 Qxf3+ 31. Ke1 Qh1+ 32. Ke2 Rxf2+ 33. Kxf2 Rf8+ 34. Ke2 Qg2+ 35. Ke1 Rf1# 0-1


[Site "https://www.chess.com"]

[Event "Titled Tuesday Blitz April 4 Late 2023"]
[White "Dudzinski, Pawel"]
[Black "Georg, Heinz"]
[WhiteFideId "1117890"]
[BlackFideId "4607295"]
[WhiteElo "2099"]
[BlackElo "2250"]
[Result "1-0"]
[Round "04"]
[TimeControl "180+2"]
[Date "2023.04.04"]
[WhiteClock "0:01:05"]
[BlackClock "0:01:19"]

1. e4 e5 2. Nf3 Nc6 3. d4 exd4 4. Nxd4 Nf6 5. Nxc6 bxc6 6. e5 Qe7 7. Qe2 Nd5 8. c4 Ba6 9. b3 g6 10. f4 Bg7 11. Qf2 Nb6 12. Bb2 O-O 13. Be2 d6 14. exd6 cxd6 15. Bxg7 Kxg7 16. O-O Qf6 17. Nd2 Rfe8 18. Rfe1 d5 19. Rac1 Rad8 20. c5 Bxe2 21. cxb6 Ba6 22. bxa7 Rxe1+ 23. Qxe1 Qxf4 24. Rxc6 Qd4+ 25. Qf2 Qa1+ 26. Nf1 Re8 27. Rxa6 1-0


[Site "https://www.chess.com"]